 Dungeon Crawl Stone Soup version 0.30.0-20-g3615ddf2f0 (webtiles) character file.

Game seed: 17476888119924063565

9100 qw the Cleaver (level 11, -3/71 HPs)
             Began as a Gargoyle Fighter on May 27, 2023.
             Slain by Urug
             ... wielding a +4 double sword
              (11 damage)
             ... on level 10 of the Dungeon.
             The game lasted 00:04:38 (8404 turns).

qw the Cleaver (Gargoyle Fighter)                   Turns: 8404, Time: 00:04:38

Health: -3/71      AC: 25    Str: 23    XL:     11   Next: 41%
Magic:  0/11       EV: 12    Int: 10    God:
Gold:   303        SH:  4    Dex:  9    Spells: 10/10 levels left

rFire   . . .        Y - +7 war axe
rCold   + . .        c - +0 buckler
rNeg    + . .        e - +0 plate armour
rPois   inf          i - +1 hat
rElec   +            q - scarf {repulsion}
rCorr   .            m - +0 pair of gloves
SInv    .            r - +0 pair of boots
Will    .....        o - amulet of guardian spirit Stlth
                     t - +5 ring of evasion
HPRegen 0.31/turn    p - ring of protection from cold
MPRegen 0.12/turn

%: repel missiles, guardian spirit
@: about to teleport
A: sickness immunity, AC +8, negative energy resistance 1, electricity
resistance, torment resistance 1, petrification resistance
a: no special abilities


You were on level 10 of the Dungeon.
You visited 2 branches of the dungeon, and saw 11 of its levels.

You collected 728 gold pieces.
You spent 425 gold pieces at shops.


Innate Abilities, Weirdness & Mutations

You are immune to sickness and miasma.
Your stone body is resilient. (AC +8)
You are immune to poison.
You resist negative energy. (rN+)
You are resistant to electric shocks. (rElec)
You are resistant to unholy torment.
You are immune to petrification.


   Skills:
 - Level 9.0 Fighting
 - Level 13.7 Axes
 - Level 2.2 Throwing
 + Level 7.6 Armour
 - Level 1.9 Dodging
 - Level 5.1 Shields


You had 10 spell levels left.
You didn't know any spells.
Your spell library was empty.

Inventory:

Hand Weapons
 w - a +1 demon whip of venom
 Y - a +7 war axe (weapon)
Missiles
 b - 2 boomerangs (quivered)
Armour
 c - a +0 buckler (worn)
 e - a +0 plate armour (worn)
 i - a +1 hat (worn)
 j - a +0 cloak
 m - a +0 pair of gloves (worn)
 q - a scarf of repulsion (worn)
 r - a +0 pair of boots (worn)
Jewellery
 h - a +6 ring of dexterity
 n - a ring of fire
 o - an amulet of guardian spirit (around neck)
 p - a ring of protection from cold (right hand)
 t - a +5 ring of evasion (left hand)
Scrolls
 a - 3 scrolls of identify
Potions
 d - 3 potions of might
 f - 2 potions of lignification
 g - a potion of resistance
 k - a potion of curing
 u - a potion of attraction
 v - a potion of mutation

Dungeon Overview and Level Annotations

Branches:
Dungeon (10/15)            Temple (1/1) D:7            Lair (0/5) D:8
    Orc: D:9-12

Altars:
Ashenzari
Cheibriados
Dithmenos
Elyvilon
Fedhas
Gozag
Hepliaklqana
Kikubaaqudgha
Makhleb
Nemelex Xobeh
Okawaru
Qazlal
Ru
Sif Muna
Trog
Uskayaw
Vehumet
Wu Jian
Xom
Yredelemnul
Zin
The Shining One

Shops:
D:4 [   D:6 ?

Annotations:
D:10 Urug


Message History

The yak bellows!
You hit Urug but do no damage.
Urug is heavily wounded.
You slash the killer bee!
The killer bee stings you but does no damage.
A yak comes into view.
Urug hits you but does no damage.
You miss the killer bee.
The killer bee is almost dead.
You closely miss Urug.
The yak bellows!
The killer bee closely misses you.
The killer bee stings you but does no damage.
Urug barely misses you.
You closely miss the killer bee.
The killer bee is almost dead.
You slash Urug! The killer bee closely misses you.
The killer bee stings you but does no damage.
Urug hits you with a +4 double sword!
8402 ||| READING scroll of teleportation.
As you read the scroll of teleportation, it crumbles to dust.
You feel strangely unstable.
The killer bee stings you but does no damage.
You block the killer bee's attack.
A yak comes into view.
Urug screams, "Payback for my eye!"
Urug hits you with a +4 double sword.
8403 ||| DRINKING potion of heal wounds.
You feel much better.
The yak bellows!
You hear a bellow!
The killer bee closely misses you. You block the killer bee's attack.
Urug hits you with a +4 double sword!!
You miss the killer bee.
The killer bee is almost dead.
You hit Urug but do no damage.
The killer bee stings you but does no damage.
A yak comes into view.
The killer bee misses you. Urug hits you with a +4 double sword!
You die...

..............<)##...
...###.........)....
##........##..##
##..<.......##..#
#...##.......#... .
#.####........... ...
###.# ##.......# .
$....#...# #....... .
.......@.# ...
......Yyo#
.......Y...
.............
...............
..$....Y.......
..[............
.........Y.....


You could see Urug, 4 yaks and a killer bee.

Vanquished Creatures
  A two-headed ogre (D:9)
  Amaemon (D:8)
  Joseph (D:9)
  An orange demon (D:8)
  A kobold demonologist (D:9)
  A komodo dragon (D:8)
  A hornet (D:9)
  A wyvern (D:9)
  4 yaks (D:8)
  2 wargs (D:10)
  A water moccasin (D:9)
  5 ice beasts
  An orc warrior (D:9)
  A black bear (D:5)
  3 ogres
  A phantom (D:6)
  2 centaurs (D:9)
  4 kobold brigands
  5 bullfrogs
  2 gnoll sergeants
  4 scorpions
  4 wights (D:8)
  3 killer bees
  2 howler monkeys (D:7)
  2 hounds (D:6)
  A jelly (D:5)
  5 orc priests
  2 sleepcaps
  8 iguanas
  Natasha (D:3)
  13 orc wizards
  14 gnolls
  6 adders
  A white imp (D:6)
  An ufetubus (D:4)
  2 worms (D:3)
  2 dart slugs
  27 orcs
  5 endoplasms
  4 giant cockroaches
  13 goblins
  6 hobgoblins
  2 jackals (D:4)
  4 quokkas
  9 ball pythons
  5 bats
  2 frilled lizards
  27 kobolds
  6 rats
220 creatures vanquished.

Vanquished Creatures (others)
  Maurice (D:8)
1 creature vanquished.

Grand Total: 221 creatures vanquished

Notes
Turn   | Place    | Note
-------+----------+-------------------------------------------
     0 | D:1      | qw the Gargoyle Fighter began the quest for the Orb.
     0 | D:1      | Reached XP level 1. HP: 14/14 MP: 1/1
     0 | D:1      | 0 ||| qw: Version: 0.2-a-99-gce666ed
     0 | D:1      | 0 ||| qw: Game counter: 153
     0 | D:1      | 0 ||| qw: Always use a shield: true
     0 | D:1      | 0 ||| qw: God list: Okawaru
     0 | D:1      | 0 ||| qw: Allow faded altars: false
     0 | D:1      | 0 ||| qw: Do Orc after D:15 true
     0 | D:1      | 0 ||| qw: Do second Lair branch before Depths: true
     0 | D:1      | 0 ||| qw: Lair rune preference: random
     0 | D:1      | 0 ||| qw: Plans: Normal, Zot:1-4, God:TSO, Crypt, Tomb,
                  | Pan, Slime:5, Hells, Abyss, Win
     0 | D:1      | 0 ||| PLANNING D:1-11
    61 | D:1      | 61 ||| FLEEEEING.
    62 | D:1      | 62 ||| FLEEEEING.
    63 | D:1      | 63 ||| FLEEEEING.
    80 | D:1      | 80 ||| Stepping ~*~*~tactically~*~*~ (stealth).
    89 | D:1      | Reached skill level 2 in Axes
   170 | D:1      | Reached XP level 2. HP: 17/19 MP: 2/2
   257 | D:1      | Found a faded altar of an unknown god.
   275 | D:1      | 275 ||| Stepping ~*~*~tactically~*~*~ (stealth).
   396 | D:1      | 396 ||| DROPPING +0 club.
   469 | D:1      | Reached skill level 3 in Axes
   538 | D:1      | Reached XP level 3. HP: 22/23 MP: 3/3
   659 | D:1      | 659 ||| Stepping ~*~*~tactically~*~*~ (hiding).
   662 | D:1      | 662 ||| Stepping ~*~*~tactically~*~*~ (hiding).
   788 | D:1      | 788 ||| READING 3 scrolls labelled HEAGIH YLYMA.
   789 | D:1      | 789 ||| READING scroll labelled UNNYNIM NYLOD.
   794 | D:1      | 794 ||| READING scroll labelled GAUFFO QEYTEIX.
   795 | D:1      | 795 ||| READING 2 scrolls of identify.
   795 | D:1      | 795 ||| IDENTIFYING pink potion
   796 | D:1      | 796 ||| DROPPING potion of invisibility.
   944 | D:2      | 944 ||| Stepping ~*~*~tactically~*~*~ (stealth).
   952 | D:2      | 952 ||| Stepping ~*~*~tactically~*~*~ (stealth).
   954 | D:2      | 954 ||| Stepping ~*~*~tactically~*~*~ (stealth).
  1048 | D:2      | 1048 ||| Stepping ~*~*~tactically~*~*~ (stealth).
  1170 | D:2      | 1170 ||| Stepping ~*~*~tactically~*~*~ (stealth).
  1173 | D:2      | 1173 ||| Stepping ~*~*~tactically~*~*~ (stealth).
  1207 | D:2      | Identified the +3 sling of Frustration {elec, rElec MP-9
                  | Stlth+}
  1263 | D:2      | 1263 ||| Stepping ~*~*~tactically~*~*~ (stealth).
  1351 | D:2      | 1351 ||| Stepping ~*~*~tactically~*~*~ (hiding).
  1608 | D:2      | 1608 ||| UPGRADING to +0 plate armour.
  1618 | D:2      | 1618 ||| DROPPING +0 scale mail.
  1619 | D:2      | 1619 ||| UPGRADING to +0 cloak.
  1624 | D:2      | 1624 ||| UPGRADING to ring of protection from cold.
  1625 | D:2      | 1625 ||| READING 3 scrolls labelled YCOTAD QUK XIA.
  1626 | D:2      | 1626 ||| READING 2 scrolls of enchant weapon.
  1626 | D:2      | 1626 ||| ENCHANTING +1 war axe.
  1627 | D:2      | 1627 ||| READING scroll of enchant weapon.
  1627 | D:2      | 1627 ||| ENCHANTING +2 war axe.
  1660 | D:3      | Reached XP level 4. HP: 28/28 MP: 4/4
  1727 | D:3      | Reached skill level 4 in Axes
  1893 | D:3      | Found a shadowy altar of Dithmenos.
  1897 | D:3      | 1897 ||| Stepping ~*~*~tactically~*~*~ (stealth).
  1899 | D:3      | 1899 ||| Stepping ~*~*~tactically~*~*~ (stealth).
  1900 | D:3      | 1900 ||| Stepping ~*~*~tactically~*~*~ (stealth).
  1926 | D:3      | 1926 ||| Stepping ~*~*~tactically~*~*~ (stealth).
  1928 | D:3      | 1928 ||| Stepping ~*~*~tactically~*~*~ (stealth).
  2100 | D:3      | Noticed Natasha
  2104 | D:3      | Killed Natasha
  2105 | D:3      | Reached XP level 5. HP: 32/32 MP: 5/5
  2195 | D:3      | 2195 ||| Stepping ~*~*~tactically~*~*~ (stealth).
  2657 | D:3      | 2657 ||| UPGRADING to +0 pair of gloves.
  2662 | D:3      | 2662 ||| UPGRADING to amulet of guardian spirit.
  2667 | D:3      | 2667 ||| READING scroll labelled ZYOLIOB HITIOM.
  2668 | D:3      | 2668 ||| READING scroll labelled UKKILL ZEEW.
  2669 | D:3      | 2669 ||| READING 4 scrolls of identify.
  2669 | D:3      | 2669 ||| IDENTIFYING ruby potion
  2670 | D:3      | 2670 ||| READING 3 scrolls of identify.
  2670 | D:3      | 2670 ||| IDENTIFYING bubbling coppery potion
  2671 | D:3      | 2671 ||| READING 2 scrolls of identify.
  2671 | D:3      | 2671 ||| IDENTIFYING dark potion
  2672 | D:3      | 2672 ||| DROPPING potion of flight.
  2673 | D:3      | 2673 ||| DROPPING potion of degeneration.
  2825 | D:4      | Reached skill level 5 in Axes
  2841 | D:4      | 2841 ||| DROPPING +0 whip.
  3064 | D:4      | 3064 ||| Stepping ~*~*~tactically~*~*~ (hiding).
  3102 | D:4      | 3102 ||| READING scroll of enchant weapon.
  3102 | D:4      | 3102 ||| ENCHANTING +3 war axe.
  3105 | D:4      | Noticed an ogre
  3113 | D:4      | Killed an ogre
  3114 | D:4      | Reached XP level 6. HP: 12/39 MP: 1/6
  3185 | D:4      | 3185 ||| FLEEEEING.
  3186 | D:4      | 3186 ||| FLEEEEING.
  3187 | D:4      | 3187 ||| FLEEEEING.
  3191 | D:4      | 3191 ||| FLEEEEING.
  3192 | D:4      | 3192 ||| FLEEEEING.
  3193 | D:4      | 3193 ||| FLEEEEING.
  3194 | D:4      | 3194 ||| FLEEEEING.
  3200 | D:4      | 3200 ||| FLEEEEING.
  3201 | D:4      | 3201 ||| FLEEEEING.
  3202 | D:4      | 3202 ||| FLEEEEING.
  3203 | D:4      | 3203 ||| FLEEEEING.
  3341 | D:4      | 3341 ||| Stepping ~*~*~tactically~*~*~ (hiding).
  3487 | D:4      | 3487 ||| Stepping ~*~*~tactically~*~*~ (hiding).
  3488 | D:4      | 3488 ||| Stepping ~*~*~tactically~*~*~ (hiding).
  3606 | D:4      | Noticed an ice beast
  3615 | D:4      | Killed an ice beast
  3777 | D:4      | Found Mategh's Antique Armour Emporium.
  3782 | D:4      | 3782 ||| SHOPLISTING +18 shield of the Gong {Loud rN+ Will+
                  | rCorr EV-5} (1918 gold, have 274).
  3782 | D:4      | 3782 ||| BUYING glowing scarf (160 gold).
  3782 | D:4      | Bought a glowing scarf for 160 gold pieces
  3782 | D:4      | 3782 ||| BUYING pair of boots (90 gold).
  3782 | D:4      | Bought a pair of boots for 90 gold pieces
  3956 | D:4      | 3956 ||| UPGRADING to scarf of repulsion.
  3966 | D:4      | 3966 ||| UPGRADING to +0 pair of boots.
  3971 | D:4      | 3971 ||| DROPPING ring of wizardry.
  3972 | D:4      | 3972 ||| READING scroll labelled BATRUC WURAR.
  4073 | D:4      | 4073 ||| READING scroll labelled KOLU OROESOZ.
  4074 | D:4      | 4074 ||| READING scroll labelled RUEVISUTEO.
  4075 | D:4      | 4075 ||| READING scroll labelled METECL OMOFIEX.
  4076 | D:4      | 4076 ||| READING 4 scrolls of identify.
  4076 | D:4      | 4076 ||| IDENTIFYING amethyst potion
  4102 | D:5      | Entered Level 5 of the Dungeon
  4126 | D:5      | Reached skill level 6 in Axes
  4126 | D:5      | Reached XP level 7. HP: 44/44 MP: 7/7
  4177 | D:5      | Found a stormy altar of Qazlal.
  4177 | D:5      | Found a bloodstained altar of Trog.
  4178 | D:5      | Found a sacrificial altar of Ru.
  4179 | D:5      | 4179 ||| Stepping ~*~*~tactically~*~*~ (hiding).
  4180 | D:5      | 4180 ||| Stepping ~*~*~tactically~*~*~ (hiding).
  4333 | D:5      | 4333 ||| Stepping ~*~*~tactically~*~*~ (stealth).
  4348 | D:5      | Reached skill level 7 in Axes
  4352 | D:5      | Reached XP level 8. HP: 28/49 MP: 4/8
  4463 | D:5      | HP: 8/49 [black bear (7)]
  4464 | D:5      | 4464 ||| READING 2 scrolls of teleportation.
  4466 | D:5      | HP: 3/49 [black bear (1)]
  4468 | D:5      | 4468 ||| FLEEEEING.
  4469 | D:5      | 4469 ||| FLEEEEING.
  4470 | D:5      | 4470 ||| FLEEEEING.
  4471 | D:5      | 4471 ||| FLEEEEING.
  4472 | D:5      | 4472 ||| FLEEEEING.
  4476 | D:5      | 4476 ||| FLEEEEING.
  4477 | D:5      | 4477 ||| FLEEEEING.
  4478 | D:5      | 4478 ||| FLEEEEING.
  4479 | D:5      | 4479 ||| FLEEEEING.
  4480 | D:5      | 4480 ||| FLEEEEING.
  4481 | D:5      | 4481 ||| FLEEEEING.
  4482 | D:5      | 4482 ||| FLEEEEING.
  4483 | D:5      | 4483 ||| FLEEEEING.
  4484 | D:5      | 4484 ||| FLEEEEING.
  4485 | D:5      | 4485 ||| STAIRDANCE
  4628 | D:4      | 4628 ||| READING scroll labelled DADIME PIBOHOD.
  4629 | D:4      | 4629 ||| READING scroll labelled QOW XUNUOTH.
  4639 | D:5      | Reached skill level 1 in Dodging
  4741 | D:5      | HP: 10/49 [ogre/+0 giant club (15)]
  4742 | D:5      | 4742 ||| READING scroll of teleportation.
  5060 | D:6      | 5060 ||| Stepping ~*~*~tactically~*~*~ (stealth).
  5086 | D:6      | Reached skill level 8 in Axes
  5230 | D:6      | 5230 ||| Stepping ~*~*~tactically~*~*~ (stealth).
  5241 | D:6      | Reached skill level 6 in Fighting
  5287 | D:6      | Found Rumnuixi's Magic Scroll Shoppe.
  5292 | D:6      | 5292 ||| BUYING scroll of enchant weapon (105 gold).
  5292 | D:6      | Bought a scroll of enchant weapon for 105 gold pieces
  5292 | D:6      | 5292 ||| BUYING scroll of identify (28 gold).
  5292 | D:6      | Bought a scroll of identify for 28 gold pieces
  5292 | D:6      | 5292 ||| BUYING scroll of teleportation (42 gold).
  5292 | D:6      | Bought a scroll of teleportation for 42 gold pieces
  5292 | D:6      | 5292 ||| READING scroll of enchant weapon.
  5292 | D:6      | 5292 ||| ENCHANTING +4 war axe.
  5311 | D:6      | Reached XP level 9. HP: 55/55 MP: 9/9
  5647 | D:6      | 5647 ||| DROPPING amulet of faith.
  5648 | D:6      | 5648 ||| UPGRADING to +6 ring of dexterity.
  5649 | D:6      | 5649 ||| UPGRADING to +5 ring of evasion.
  5651 | D:6      | 5651 ||| UPGRADING to ring of protection from cold.
  5653 | D:6      | 5653 ||| READING scroll labelled IFAESE SICO.
  5654 | D:6      | 5654 ||| READING 9 scrolls of identify.
  5654 | D:6      | 5654 ||| IDENTIFYING fuming brown potion
  5655 | D:6      | 5655 ||| READING 8 scrolls of identify.
  5655 | D:6      | 5655 ||| IDENTIFYING blue potion
  5656 | D:6      | 5656 ||| DRINKING potion of experience.
  5656 | D:6      | Reached skill level 13 in Axes
  5656 | D:6      | Reached XP level 10. HP: 60/60 MP: 10/10
  5657 | D:6      | 5657 ||| READING 7 scrolls of identify.
  5657 | D:6      | 5657 ||| IDENTIFYING yellow potion
  5658 | D:6      | 5658 ||| READING 6 scrolls of identify.
  5658 | D:6      | 5658 ||| IDENTIFYING cyan potion
  5659 | D:6      | 5659 ||| DROPPING potion of berserk rage.
  5660 | D:6      | 5660 ||| DROPPING potion of magic.
  5682 | D:7      | 5682 ||| Stepping ~*~*~tactically~*~*~ (stealth).
  5683 | D:7      | 5683 ||| Stepping ~*~*~tactically~*~*~ (stealth).
  5689 | D:7      | 5689 ||| Stepping ~*~*~tactically~*~*~ (stealth).
  5691 | D:7      | 5691 ||| Stepping ~*~*~tactically~*~*~ (hiding).
  5718 | D:7      | Found a staircase to the Ecumenical Temple.
  5719 | D:7      | 5719 ||| PLANNING TEMPLE
  5727 | Temple   | Entered the Ecumenical Temple
  5816 | Temple   | 5816 ||| PLANNING D:1-11
  5913 | D:7      | Identified the +0 ring mail of Lajallej {Int+2}
  5928 | D:7      | 5928 ||| Stepping ~*~*~tactically~*~*~ (stealth).
  5943 | D:7      | 5943 ||| Stepping ~*~*~tactically~*~*~ (hiding).
  5944 | D:7      | 5944 ||| Stepping ~*~*~tactically~*~*~ (hiding).
  5960 | D:7      | 5960 ||| Stepping ~*~*~tactically~*~*~ (hiding).
  6524 | D:7      | 6524 ||| UPGRADING to +1 hat.
  6529 | D:7      | 6529 ||| READING 6 scrolls of identify.
  6529 | D:7      | 6529 ||| IDENTIFYING metallic cyan potion
  6530 | D:7      | 6530 ||| READING 5 scrolls of identify.
  6530 | D:7      | 6530 ||| IDENTIFYING emerald potion
  6571 | D:8      | 6571 ||| Stepping ~*~*~tactically~*~*~ (hiding).
  6579 | D:8      | Reached skill level 6 in Armour
  6583 | D:8      | 6583 ||| Stepping ~*~*~tactically~*~*~ (hiding).
  6584 | D:8      | 6584 ||| Stepping ~*~*~tactically~*~*~ (hiding).
  6591 | D:8      | 6591 ||| Stepping ~*~*~tactically~*~*~ (hiding).
  6691 | D:8      | Found an iron altar of Okawaru.
  6692 | D:8      | 6692 ||| PLANNING OKAWARU WORSHIP
  6693 | D:8      | 6693 ||| Stepping ~*~*~tactically~*~*~ (hiding).
  6706 | D:8      | 6706 ||| PLANNING D:1-11
  6833 | D:8      | Noticed Maurice
  6843 | D:8      | Killed Maurice
  6881 | D:8      | 6881 ||| Stepping ~*~*~tactically~*~*~ (hiding).
  6956 | D:8      | 6956 ||| Stepping ~*~*~tactically~*~*~ (stealth).
  7271 | D:8      | Found a staircase to the Lair.
  7327 | D:8      | 7327 ||| Stepping ~*~*~tactically~*~*~ (stealth).
  7328 | D:8      | 7328 ||| Stepping ~*~*~tactically~*~*~ (stealth).
  7473 | D:8      | Noticed an orange demon
  7473 | D:8      | Noticed Amaemon
  7492 | D:8      | Killed Amaemon
  7497 | D:8      | Killed an orange demon
  7498 | D:8      | Reached XP level 11. HP: 46/68 MP: 6/11
  7568 | D:8      | 7568 ||| DROPPING +0 flail.
  7654 | D:8      | 7654 ||| READING 4 scrolls of identify.
  7654 | D:8      | 7654 ||| IDENTIFYING green potion
  7714 | D:9      | 7714 ||| Stepping ~*~*~tactically~*~*~ (stealth).
  7716 | D:9      | 7716 ||| Stepping ~*~*~tactically~*~*~ (stealth).
  7718 | D:9      | 7718 ||| Stepping ~*~*~tactically~*~*~ (hiding).
  7787 | D:9      | Noticed Joseph
  7799 | D:9      | 7799 ||| DRINKING 2 potions of curing.
  7799 | D:9      | 7799 ||| (to cure confusion)
  7802 | D:9      | Killed Joseph
  7920 | D:9      | 7920 ||| Stepping ~*~*~tactically~*~*~ (stealth).
  7961 | D:9      | Noticed a two-headed ogre
  7975 | D:9      | Killed a two-headed ogre
  8067 | D:9      | 8067 ||| Stepping ~*~*~tactically~*~*~ (stealth).
  8069 | D:9      | 8069 ||| Stepping ~*~*~tactically~*~*~ (stealth).
  8071 | D:9      | 8071 ||| Stepping ~*~*~tactically~*~*~ (stealth).
  8176 | D:9      | 8176 ||| READING 2 scrolls of enchant weapon.
  8176 | D:9      | 8176 ||| ENCHANTING +5 war axe.
  8177 | D:9      | 8177 ||| READING scroll of enchant weapon.
  8177 | D:9      | 8177 ||| ENCHANTING +6 war axe.
  8220 | D:9      | Reached skill level 9 in Fighting
  8253 | D:9      | Found a blossoming altar of Fedhas.
  8358 | D:10     | Entered Level 10 of the Dungeon
  8383 | D:10     | Noticed Urug
  8401 | D:10     | HP: 11/71 [Urug/+4 double sword (12)]
  8402 | D:10     | 8402 ||| READING scroll of teleportation.
  8403 | D:10     | 8403 ||| DRINKING potion of heal wounds.
  8404 | D:10     | Slain by Urug

Levels and vault maps discovered:
D:1:      dpeg_arrival_three_same_balls, layout_basic,
          chequers_ecumenical_altar_island, st_stairs_2
D:2:      layout_loops_ring, minmay_misc_feat_tiny
D:3:      layout_basic, mainiacjoe_overflow_24_doors, serial_bayou_pond_d,
          lemuel_flame_loot_1, uniq_natasha
D:4:      layout_basic, serial_shops, shop
D:5:      layout_basic, chequers_temple_overflow_statue_of_worship
D:6:      layout_rooms, serial_shops, shop
D:7:      layout_basic, minmay_temple_entry_gardened_gates, minmay_liquid_box,
          nrook_loot_triangle, chequers_serial_rivers_micro_d,
          nicolae_figureground_sparkle
D:8:      layout_gridville, mainiacjoe_overflow_brackets, david_lair_shrubbed,
          lemuel_flamethrower_2, uniq_maggie, uniq_amaemon, uniq_maurice
D:9:      layout_rooms, fedhas_bush_and_centaur_altar,
          kennysheep_generic_room_4, uniq_joseph
D:10:     layout_cave_pools, minmay_orc_entry_guard_dogs, uniq_urug, uniq_snorg
Temple:   lightli_temple_of_artemis

Skill      XL: |  1  2  3  4  5  6  7  8  9 10 11 |
---------------+----------------------------------+-----
Axes           | 2 3 4 5 6 7 8 13 | 13.7
Fighting       | 4 5 6 8 9 |  9.0
Armour         | 4 5 7 |  7.6
Dodging        | 1 |  1.9
Shields        | 4 5 |  5.1
Throwing       | 2 |  2.2

Action                     |  1- 3 |  4- 6 |  7- 9 | 10-12 || total
---------------------------+-------+-------+-------+-------++-------
  Melee: War axe           |   153 |   114 |   149 |   304 ||   720
  Throw: Boomerang         |       |       |       |     6 ||     6
    Use: Scroll            |     7 |    11 |     8 |     8 ||    34
         Potion            |       |       |     1 |     2 ||     3
   Stab: Distracted        |       |     1 |       |       ||     1
 Armour: Scale mail        |    70 |       |       |       ||    70
         Plate armour      |       |    87 |   146 |   157 ||   390
  Dodge: Dodged            |    52 |    42 |    32 |   140 ||   266
         Repelled          |       |       |     1 |       ||     1
  Block: Buckler           |    26 |    21 |    24 |    57 ||   128

Table legend:
 A = Non-vault XP
 B = Vault XP
 C = Vault XP percentage of total XP
 D = Non-vault monster count
 E = Vault monster count
 F = Vault count percentage of total count
                 A         B        C        D         E       F
            +---------+---------+-------+---------+---------+-------
      Total |    7302 |    3230 |  30.7 |     207 |      14 |   6.3
            +---------+---------+-------+---------+---------+-------
        D:1 |      35 |       5 |  12.5 |      22 |       3 |  12.0
        D:2 |      41 |       0 |   0.0 |      23 |       0 |   0.0
        D:3 |      55 |      35 |  38.9 |      14 |       1 |   6.7
        D:4 |     412 |       0 |   0.0 |      23 |       0 |   0.0
        D:5 |    1047 |       0 |   0.0 |      21 |       0 |   0.0
        D:6 |     897 |       0 |   0.0 |      21 |       0 |   0.0
        D:7 |     652 |       0 |   0.0 |      19 |       0 |   0.0
        D:8 |    1855 |    1843 |  49.8 |      38 |       4 |   9.5
        D:9 |    2082 |    1022 |  32.9 |      21 |       4 |  16.0
       D:10 |     226 |     325 |  59.0 |       5 |       2 |  28.6
            +---------+---------+-------+---------+---------+-------
